Description

(Adept Strong..)

Build Order

Get SALT Encoding   

  12  0:00  Probe (Chrono Boost)  
  13  0:11  Probe (Chrono Boost)  
  14  0:17  Pylon  
  14  0:22  Probe (Chrono Boost)  
  16  0:35  Probe (Chrono Boost)  
  16  0:46  Probe (Chrono Boost)  
  17  0:57  Nexus  
  17  1:07  Gateway  
  17  1:12  Probe (Chrono Boost)  
  17  1:17  Assimilator  
  18  1:22  Probe (Chrono Boost)  
  18  1:24  Assimilator  
  19  1:33  Probe (Chrono Boost)  
  19  1:38  Gateway  
  20  1:43  Probe (Chrono Boost)  
  22  1:54  Probe (Chrono Boost)  
  22  1:55  Cybernetics Core  
  22  2:04  Probe (Chrono Boost)  
  23  2:10  Probe (Chrono Boost)  
  23  2:15  Probe (Chrono Boost)  
  25  2:20  Probe (Chrono Boost)  
  26  2:24  Pylon  
  26  2:25  Probe (Chrono Boost)  
  27  2:31  Warp Gate, Adept  
  27  2:32  Probe (Chrono Boost)  
  30  2:37  Probe (Chrono Boost)  
  30  2:44  Probe (Chrono Boost), Stalker  
  32  2:48  Probe (Chrono Boost)  
  35  2:54  Twilight Council  
  35  2:59  Probe (Chrono Boost)  
  35  3:01  Probe (Chrono Boost)  
  37  3:07  Adept  
  37  3:09  Probe (Chrono Boost)  
  37  3:11  Probe (Chrono Boost)  
  41  3:18  Resonating Glaives  
  41  3:20  Probe (Chrono Boost)  
  41  3:22  Probe (Chrono Boost)  
  43  3:29  Pylon  
  43  3:32  Probe (Chrono Boost)  
  44  3:36  Gateway  
  44  3:38  Gateway  
  44  3:41  Gateway  
  44  3:48  Robotics Facility  
  44  3:56  Gateway  
  44  3:57  Gateway  
  44  4:02  Gateway  
  44  4:15  Pylon  
  44  4:21  Pylon  
  44  4:35  Adept x4  
  44  4:37  Warp Prism  
  52  4:41  Nexus  
  54  4:46  Pylon  
  54  4:55  Adept x2  
  54  4:56  Adept  
  60  5:04  Adept x2  
  60  5:05  Adept  
  66  5:12  Pylon  
  66  5:13  Pylon  
  66  5:33  Adept x5  
  66  5:34  Adept x3  
  82  5:36  Pylon  
  66  5:57  Adept x3  
  66  5:58  Adept x5  
  66  6:00  Warp Prism  
  66  6:29  Adept x2  
  66  6:30  Adept x6  
  60  6:55  Adept x5  
  60  6:56  Adept x3  
  60  7:01  Pylon  
  76  7:21  Adept x4  
  76  7:22  Adept x3  
  90  7:23  Adept  
  92  7:43  Adept x4  
  100  7:48  Pylon  
  92  8:13  Adept x3  
  92  8:14  Adept x4  
  92  8:16  Adept  
  86  8:34  Adept x6  
  86  8:35  Adept  
Spawning Tool Build Advisor. Get it on Overwolf

Analysis

(Adept Strong..)

Go to:

Details

  • Created by: DarkHeartz
  • Published on: Nov 08, 2016
  • Modified on: Nov 08, 2016
  • Patch: Pre-3.8.0
Show
View Real Time Build Order
Export as new Build Order

Comments (1)

On July 23, 2017, 3:26 p.m., BaconPopCap  said:

Literally impossible to get Resonating Glaives at the right time. It says to get it 24 seconds after the twilight council has started building, yet it takes 36 seconds for it to build. Wtf?

Create an account to comment!